 Dungeon Crawl Stone Soup version 0.31-a0-532-g28f74ba3e5 (webtiles) character file.

Game seed: 3996762223688543182

21 RoseCult the Caller (level 2, -2/15 HPs)
             Began as a Deep Elf Summoner on Aug 13, 2023.
             Slain by Sigmund
             ... wielding a +0 scythe
              (4 damage)
             ... on level 2 of the Dungeon.
             The game lasted 00:06:42 (1243 turns).

RoseCult the Caller (Deep Elf Summoner)             Turns: 1243, Time: 00:06:43

Health: -2/15      AC:  2    Str:  5    XL:     2   Next: 65%
Magic:  5/8        EV: 12    Int: 25    God:
Gold:   59         SH:  0    Dex: 15    Spells: 6/7 levels left

rFire   . . .        f - +0 trident
rCold   . . .        (no shield)
rNeg    . . .        a - +0 robe
rPois   .            (no helmet)
rElec   .            (no cloak)
rCorr   .            (no gloves)
SInv    .            (no boots)
Will    .....        (no amulet)
Stlth   ++           c - +6 ring of intelligence
HPRegen 0.22/turn    (no ring)
MPRegen 0.11/turn

%: no passive effects
@: no status effects
A: no striking features
a: no special abilities


You were on level 2 of the Dungeon.
You visited 1 branch of the dungeon, and saw 2 of its levels.

You collected 59 gold pieces.

Inventory:

Hand Weapons
 f - a +0 trident (weapon)
Armour
 a - a +0 robe (worn)
Jewellery
 c - a +6 ring of intelligence (left hand)
 e - a ring of ice
Scrolls
 d - a scroll of poison {unknown}
 i - 3 scrolls of noise {unknown}
 j - a scroll of brand weapon {unknown}
Potions
 b - a potion of magic
 h - a potion of degeneration {unknown}


   Skills:
 + Level 0.1 Fighting
 + Level 0.2 Polearms
 + Level 2.5 Dodging
 + Level 2.5 Stealth
 + Level 3.2 Spellcasting
 + Level 5.0 Summonings


You had 6 spell levels left.
You knew the following spells:

 Your Spells              Type           Power      Damage    Failure   Level
a - Summon Small Mammal   Summ           100%       N/A       1%          1

Your spell library contained the following spells:

 Spells                   Type           Power      Damage    Failure   Level
 Call Imp                 Summ           58%        N/A       1%          2
 Call Canine Familiar     Summ           29%        N/A       3%          3
 Summon Guardian Golem    Hex/Summ       16%        N/A       11%         3
 Summon Lightning Spire   Summ/Air       16%        N/A       34%         4


Dungeon Overview and Level Annotations

Branches:
Dungeon (2/15)

Altars:

Annotations:
D:2 Sigmund


Message History

Sigmund is nearby!
Your quokka bites Sigmund.
Your quokka bites Sigmund.
Sigmund misses your quokka.
Your quokka bites Sigmund but does no damage.
Sigmund barely misses your quokka.
Your quokka bites Sigmund. x2
Sigmund hits your quokka with a +0 scythe.
Your quokka barely misses Sigmund.
Your quokka barely misses Sigmund.
Sigmund hits your quokka with a +0 scythe.
Your quokka dies!
Your quokka's corpse disappears in a puff of smoke!
Casting: Summon Small Mammal (safe; 1% risk of failure)
Press: ? - help, Q - select action Dir - look around, f - activate Your quokka misses Sigmund.
Sigmund hits your quokka with a +0 scythe!
Your quokka dies!
Your quokka's corpse disappears in a puff of smoke!
Sigmund casts a spell at you. The puff of flame hits your quokka.
Your quokka bites Sigmund.
Sigmund hits your quokka with a +0 scythe!
Your quokka dies!
Your quokka's corpse disappears in a puff of smoke!
Casting: Summon Small Mammal (safe; 1% risk of failure)
Press: ? - help, Q - select action Dir - look around, f - activate Sigmund says, "Now you see me, now you don't..."
Your quokka closely misses Sigmund.
Sigmund misses you.
Your quokka bites Sigmund but does no damage.
Your quokka closely misses Sigmund.
Sigmund closely misses you.
Your quokka bites Sigmund.
Your quokka closely misses Sigmund.
Sigmund hits you from afar with a +0 scythe!
Ouch! That really hurt!
* * * LOW HITPOINT WARNING * * *
Your quokka barely misses Sigmund.
Your quokka barely misses Sigmund.
Sigmund hits you from afar with a +0 scythe.
You die...

#.##.###.# #.#
#.# #.# #{# #..
#.# ########.#
.....S.{###
##........#
#.r.....#.#######
#..####.(....@r@#
#. ###.####### #
...# ###.# ..#
###


You could see Sigmund (ally target) and a friendly quokka (summoned).

Vanquished Creatures
  2 endoplasms (D:1)
  A goblin (D:1)
  A kobold (D:1)
  A ball python (D:1)
  2 bats (D:1)
  2 frilled lizards (D:1)
  A rat (D:1)
10 creatures vanquished.

Vanquished Creatures (collateral kills)
  An adder (D:2)
  A bat (D:1)
  A frilled lizard (D:1)
3 creatures vanquished.

Grand Total: 13 creatures vanquished

Notes
Turn   | Place    | Note
-------+----------+-------------------------------------------
     0 | D:1      | RoseCult the Deep Elf Summoner began the quest for the Orb.
     0 | D:1      | Reached XP level 1. HP: 10/10 MP: 6/6
   581 | D:1      | Reached XP level 2. HP: 11/15 MP: 8/8
   787 | D:2      | Reached skill level 5 in Summonings
   869 | D:2      | Noticed Sigmund
  1243 | D:2      | Slain by Sigmund

Illustrated notes

Levels and vault maps discovered:
D:1:      lightli_arrival_quake, layout_basic
D:2:      layout_basic, serial_shops, nicolae_square_shop, shop, shop,
          nicolae_diamond_shop, uniq_sigmund

Skill      XL: |  1  2 |
---------------+-------+-----
Summonings     | 5 |  5.0
Fighting       | |  0.1
Polearms       | |  0.2
Dodging        | |  2.5
Stealth        | |  2.5
Spellcasting   | |  3.2

Action                     || total
---------------------------++-------
  Melee: Unarmed           ||    17
         Trident           ||    17
  Throw: Dart              ||     6
   Cast: Summon Small Mamm ||    17
   Stab: Sleeping          ||     1
 Armour: Robe              ||    17
  Dodge: Dodged            ||    37

Table legend: (Time is in decaauts)
 A = Elapsed time spent in this place.
 B = Non-inter-level travel time spent in this place.
 C = Inter-level travel time spent in this place.
 D = Time resting spent in this place.
 E = Time spent auto-exploring this place.
 F = Levels seen in this place.
 G = Mean time per level.
                   A        B        C        D        E       F      G
               +--------+--------+--------+--------+--------+-----+--------+
         Total |   1248 |   1248 |      0 |    321 |      0 |   2 |  624.0 |
       Dungeon |   1248 |   1248 |      0 |    321 |      0 |   2 |  624.0 |
               +--------+--------+--------+--------+--------+-----+--------+

Top non-repeatable levels by time:
     D:1: 1078 daAuts
     D:2: 170 daAuts
